 Dungeon Crawl Stone Soup version 0.31-a0-240-gb923e448b6 (webtiles) character file.

Game seed: 8410444018145819667

1024 qw the Skirmisher (level 8, -4/69 HPs)
             Began as a Minotaur Hexslinger on July 11, 2023.
             Killed from afar by Blork the orc (7 damage)
             ... with a puff of flame
             ... on level 5 of the Dungeon on July 12, 2023.
             The game lasted 00:01:29 (3309 turns).

qw the Skirmisher (Minotaur Hexslinger)             Turns: 3309, Time: 00:01:29

Health: -4/69      AC:  7    Str: 13    XL:     8   Next: 2%
Magic:  8/8        EV: 17    Int: 10    God:
Gold:   212        SH:  0    Dex: 15    Spells: 8/9 levels left

rFire   . . .        Y - +2 sling
rCold   . . .        (no shield)
rNeg    . . .        e - +0 leather armour
rPois   .            (helmet restricted)
rElec   .            (no cloak)
rCorr   .            (no gloves)
SInv    .            (no boots)
Will    +....        (no amulet)
Stlth   +            a - ring "Ogetrudo" {Will+ EV+5}
HPRegen 0.31/turn    h - +4 ring of protection
MPRegen 0.11/turn

%: no passive effects
@: no status effects
A: horns 2, retaliatory headbutt
a: no special abilities


You were on level 5 of the Dungeon.
You visited 1 branch of the dungeon, and saw 5 of its levels.

You collected 254 gold pieces.
You spent 42 gold pieces at shops.


Innate Abilities, Weirdness & Mutations

You have a pair of horns on your head.
You reflexively headbutt those who attack you in melee.


   Skills:
 - Level 5.4 Fighting
 + Level 8.6 Ranged Weapons
 - Level 1.7 Armour
 - Level 3.3 Dodging
 - Level 1.0 Spellcasting
 - Level 2.0 Hexes


You had 8 spell levels left.
You knew the following spells:

 Your Spells              Type           Power      Damage    Failure   Level
a - Slow                  Hex            16%        N/A       19%         1

Your spell library contained the following spells:

 Spells                   Type           Power      Damage    Failure   Level
 Inner Flame              Hex/Fire       2%         N/A       65%         3
 Portal Projectile        Hex/Tloc       4%         N/A       65%         3
 Cause Fear               Hex            2%         N/A       88%         4

Inventory:

Hand Weapons
 Y - a +2 sling (weapon)
Armour
 e - a +0 leather armour (worn)
Jewellery
 a - the ring "Ogetrudo" (left hand) {Will+ EV+5}
   (You acquired it on level 1 of the Dungeon)

   [ring of evasion]

   EV:        It affects your evasion (+5).
   Will:      It increases your willpower.
 b - a ring of see invisible
 h - a +4 ring of protection (right hand)
Scrolls
 g - a scroll of identify
Potions
 i - a potion of ambrosia {unknown}
 j - a potion of cancellation {unknown}
 l - a potion of invisibility {unknown}
 m - a potion of haste {unknown}
 n - a potion of heal wounds {unknown}

Dungeon Overview and Level Annotations

Branches:
Dungeon (5/15)
 Temple: D:4-7

Altars:
The Shining One

Shops:
D:3 *

Annotations:
D:3 4 runed translucent doors, Crazy Yiuf; qw's ghost, amateur GrHs
D:5 Blork the orc


Message History

Blork the orc is nearby!
You shoot a sling bullet.
The sling bullet barely misses Blork the orc.
You shoot a sling bullet. The sling bullet hits Blork the orc.
Blork the orc is lightly wounded.
You shoot a sling bullet. The sling bullet hits Blork the orc.
Blork the orc is lightly wounded.
You shoot a sling bullet.
The sling bullet barely misses Blork the orc.
Blork the orc looks satisfied for a moment.
You shoot a sling bullet.
The sling bullet closely misses Blork the orc.
An ogre comes into view. It is wielding a +0 giant club.
You shoot a sling bullet.
The sling bullet barely misses Blork the orc.
Blork the orc points at you and mumbles some strange words.
The magic dart hits you.
You shoot a sling bullet. The sling bullet hits Blork the orc.
Blork the orc is moderately wounded.
Blork the orc mumbles some strange words.
Blork the orc seems to speed up.
You shoot a sling bullet. The sling bullet hits Blork the orc.
Blork the orc is heavily wounded.
Blork the orc hits you but does no damage.
You shoot a sling bullet. The sling bullet hits Blork the orc!
Blork the orc is severely wounded.
Blork the orc hits you but does no damage.
You shoot a sling bullet.
The sling bullet barely misses Blork the orc.
Blork the orc screams, "I'll make a cloak from your skin!"
Blork the orc miscasts a cantrip.
Blork the orc casts a spell at you. The magic dart hits you.
You shoot a sling bullet. The sling bullet hits Blork the orc!
Blork the orc is almost dead.
Blork the orc hits you with a +0 hand axe.
You shoot a sling bullet.
The sling bullet barely misses Blork the orc.
Blork the orc gestures at you while chanting.
The puff of flame hits you!
You die...

..............##
............### .
...##...>...## ..
...###.....##
...............##
.. #..........#
#.#..##....###
.###.O.###.####
......o@....#
.....#......# ##.
###..### ####


You could see Blork the orc (fast) and an ogre.

Vanquished Creatures
  Grinder (D:3)
  Eustachio (D:4)
  Edmund (D:5)
  An ogre (D:4)
  A scorpion (D:5)
  A howler monkey (D:5)
  3 hounds
  A jelly (D:4)
  Jessica (D:3)
  2 sleepcaps
  Ijyb (D:3)
  Terence (D:2)
  An iguana (D:4)
  4 adders
  A white imp (D:5)
  An ufetubus (D:5)
  A worm (D:3)
  An orc (D:4)
  8 ball pythons
  6 endoplasms
  3 giant cockroaches
  3 goblins
  8 hobgoblins
  6 jackals
  8 quokkas
  3 bats (D:1)
  5 frilled lizards
  3 kobolds
  5 rats
82 creatures vanquished.

Notes
Turn   | Place    | Note
-------+----------+-------------------------------------------
     0 | D:1      | qw the Minotaur Hexslinger began the quest for the Orb.
     0 | D:1      | Reached XP level 1. HP: 16/16 MP: 1/1
     0 | D:1      | 0 ||| qw: Version: 0.3-a-52-g30416fa
     0 | D:1      | 0 ||| qw: Game counter: 6135
     0 | D:1      | 0 ||| qw: Melee chars always use a shield: true
     0 | D:1      | 0 ||| qw: God list: Okawaru
     0 | D:1      | 0 ||| qw: Allow faded altars: false
     0 | D:1      | 0 ||| qw: Do Orc after clearing Dungeon:15 true
     0 | D:1      | 0 ||| qw: Do second Lair branch before Depths: true
     0 | D:1      | 0 ||| qw: Lair rune preference: random
     0 | D:1      | 0 ||| qw: Goals: Normal
     0 | D:1      | 0 ||| PLANNING D:1-11
    84 | D:1      | Reached skill level 3 in Ranged Weapons
    93 | D:1      | Reached XP level 2. HP: 23/23 MP: 2/2
   543 | D:1      | Reached XP level 3. HP: 23/29 MP: 3/3
   645 | D:1      | 645 ||| UPGRADING to +0 leather armour.
   655 | D:1      | 655 ||| DROPPING +0 robe.
   656 | D:1      | 656 ||| UPGRADING to +4 ring of protection.
   657 | D:1      | 657 ||| UPGRADING to ring of positive energy.
   658 | D:1      | 658 ||| READING scroll labelled DORISY YSINODU.
   662 | D:1      | 662 ||| READING scroll labelled ZETULA YTAI.
   662 | D:1      | Identified a scroll of acquirement
   662 | D:1      | 662 ||| ACQUIRING ring "Ogetrudo" {Will+ EV+5}
   662 | D:1      | Acquired the ring "Ogetrudo" {Will+ EV+5}
   664 | D:1      | 664 ||| UPGRADING to ring "Ogetrudo" {Will+ EV+5}.
   666 | D:1      | 666 ||| UPGRADING to +4 ring of protection.
   668 | D:1      | 668 ||| DROPPING ring of positive energy.
   669 | D:1      | 669 ||| READING 2 scrolls labelled COBLIMAE PONO.
   670 | D:1      | 670 ||| DROPPING scroll of poison.
   748 | D:2      | Reached skill level 4 in Ranged Weapons
  1219 | D:2      | 1219 ||| READING scroll labelled FOGHIRIETZ.
  1220 | D:2      | 1220 ||| READING scroll labelled KOOTEYRRIUN.
  1221 | D:2      | 1221 ||| DRINKING 2 red potions.
  1270 | D:3      | Reached XP level 4. HP: 36/36 MP: 4/4
  1323 | D:3      | Noticed Ijyb
  1332 | D:3      | 1332 ||| DRINKING potion of curing.
  1332 | D:3      | 1332 ||| (to cure confusion)
  1335 | D:3      | Killed Ijyb
  1364 | D:3      | Noticed Jessica
  1370 | D:3      | Killed Jessica
  1371 | D:3      | Reached skill level 5 in Ranged Weapons
  1403 | D:3      | Noticed Grinder
  1427 | D:3      | Killed Grinder
  1428 | D:3      | Reached XP level 5. HP: 21/48 MP: 5/5
  1428 | D:3      | Reached XP level 6. HP: 24/56 MP: 6/6
  1551 | D:3      | Found Deipi's Assorted Antiques.
  1559 | D:3      | 1559 ||| BUYING coppery potion (21 gold).
  1559 | D:3      | Bought a coppery potion for 21 gold pieces
  1559 | D:3      | 1559 ||| SHOPLISTING jewelled silver wand (96 gold, have
                  | 76).
  1559 | D:3      | 1559 ||| BUYING orange potion (21 gold).
  1559 | D:3      | Bought an orange potion for 21 gold pieces
  1576 | D:3      | Found a runed translucent gate.
  1578 | D:3      | Found a runed translucent gate.
  1581 | D:3      | Found a runed translucent gate.
  1581 | D:3      | Noticed qw's ghost (amateur GrHs)
  1652 | D:3      | Found a faded altar of an unknown god.
  1714 | D:3      | Found a runed translucent door.
  1715 | D:3      | Noticed Crazy Yiuf
  1897 | D:3      | Noticed Terence
  1906 | D:3      | 1906 ||| FLEEEEING.
  1907 | D:3      | 1907 ||| FLEEEEING.
  1908 | D:3      | 1908 ||| FLEEEEING.
  1909 | D:3      | 1909 ||| FLEEEEING.
  1910 | D:3      | 1910 ||| FLEEEEING.
  1911 | D:3      | 1911 ||| FLEEEEING.
  1912 | D:3      | 1912 ||| FLEEEEING.
  1913 | D:3      | 1913 ||| FLEEEEING.
  1914 | D:3      | 1914 ||| FLEEEEING.
  1915 | D:3      | 1915 ||| FLEEEEING.
  1916 | D:3      | 1916 ||| FLEEEEING.
  1917 | D:3      | 1917 ||| FLEEEEING.
  1918 | D:3      | 1918 ||| FLEEEEING.
  1919 | D:3      | 1919 ||| FLEEEEING.
  1920 | D:3      | 1920 ||| FLEEEEING.
  1921 | D:3      | 1921 ||| FLEEEEING.
  1922 | D:3      | 1922 ||| FLEEEEING.
  1923 | D:3      | 1923 ||| FLEEEEING.
  1924 | D:3      | 1924 ||| FLEEEEING.
  1925 | D:3      | 1925 ||| STAIRDANCE
  1927 | D:2      | 1927 ||| FLEEEEING.
  1928 | D:2      | 1928 ||| FLEEEEING.
  1929 | D:2      | 1929 ||| FLEEEEING.
  1931 | D:2      | Killed Terence
  1932 | D:2      | 1932 ||| READING 3 scrolls of identify.
  1932 | D:2      | 1932 ||| IDENTIFYING coppery potion
  1933 | D:2      | 1933 ||| READING 2 scrolls of identify.
  1933 | D:2      | 1933 ||| IDENTIFYING orange potion
  1934 | D:2      | 1934 ||| DROPPING potion of degeneration.
  1935 | D:2      | 1935 ||| DROPPING potion of lignification.
  2002 | D:3      | Found a glowing golden altar of the Shining One.
  2374 | D:4      | Reached skill level 6 in Ranged Weapons
  2932 | D:4      | 2932 ||| READING scroll labelled TAKKOS EWUO.
  2933 | D:4      | 2933 ||| READING 2 scrolls labelled JIRUXA CIOLI.
  2934 | D:4      | 2934 ||| READING 3 scrolls of identify.
  2934 | D:4      | 2934 ||| IDENTIFYING viscous ruby potion
  2935 | D:4      | 2935 ||| READING 2 scrolls of identify.
  2935 | D:4      | 2935 ||| IDENTIFYING grey potion
  2936 | D:4      | 2936 ||| DROPPING scroll of noise.
  2937 | D:4      | 2937 ||| DROPPING potion of brilliance.
  2938 | D:4      | 2938 ||| DROPPING potion of magic.
  2977 | D:5      | Entered Level 5 of the Dungeon
  2977 | D:5      | Noticed Eustachio
  2985 | D:5      | 2985 ||| STAIRDANCE
  3018 | D:4      | Killed Eustachio
  3019 | D:4      | Reached skill level 7 in Ranged Weapons
  3019 | D:4      | Reached XP level 7. HP: 41/61 MP: 7/7
  3087 | D:5      | 3087 ||| STAIRDANCE
  3097 | D:4      | Reached skill level 8 in Ranged Weapons
  3195 | D:5      | Reached skill level 1 in Armour
  3218 | D:5      | Reached skill level 3 in Dodging
  3249 | D:5      | Noticed Edmund
  3286 | D:5      | HP: 12/61 [Edmund/+1 heavy flail (14)]
  3288 | D:5      | Killed Edmund
  3289 | D:5      | Reached XP level 8. HP: 8/69 MP: 8/8
  3295 | D:5      | Noticed Blork the orc
  3303 | D:5      | HP: 8/69 [Blork the orc/magic dart (5)]
  3308 | D:5      | HP: 3/69 [Blork the orc/+0 hand axe (4)]
  3309 | D:5      | Killed from afar by Blork the orc

Levels and vault maps discovered:
D:1:      minmay_arrival_radiant_lines, layout_loops_ring, minmay_misc_feat_x,
          minmay_misc_feat_rugged
D:2:      layout_rooms, minmay_quantized
D:3:      layout_loops_cross, nicolae_tso_swordbearing_angel,
          ebering_ghost_rock_garden, serial_shops, nicolae_shop_stone,
          hellmonk_ecumenical_altar_blasted, uniq_crazy_yiuf_cottage, uniq_ijyb,
          uniq_grinder, uniq_terence, uniq_jessica
D:4:      layout_basic
D:5:      layout_cave_pools, mainiacjoe_overflow_cross_hatched,
          minmay_temple_entry_gardened_gates, serial_shops,
          nicolae_shop_crystal, nicolae_inconvenience_store, shop, shop,
          uniq_edmund, uniq_blork_the_orc, uniq_eustachio

Skill      XL: |  1  2  3  4  5  6  7 |
---------------+----------------------+-----
Ranged Weapons | 3 4 5 7 8 |  8.6
Fighting       | 2 5 |  5.4
Armour         | 1 |  1.7
Dodging        | 3 |  3.3
Spellcasting   | |  1.0
Hexes          | |  2.0

Action                     |  1- 3 |  4- 6 |  7- 9 || total
---------------------------+-------+-------+-------++-------
   Fire: Sling             |    98 |   153 |    91 ||   342
    Use: Scroll            |     5 |     6 |       ||    11
         Potion            |     1 |     1 |       ||     2
 Armour: Robe              |     7 |       |       ||     7
         Leather armour    |     6 |    32 |    15 ||    53
         Skin              |       |     1 |       ||     1
  Dodge: Dodged            |    42 |   144 |    55 ||   241

Table legend:
 A = Non-vault XP
 B = Vault XP
 C = Vault XP percentage of total XP
 D = Non-vault monster count
 E = Vault monster count
 F = Vault count percentage of total count
                 A         B        C        D         E       F
            +---------+---------+-------+---------+---------+-------
      Total |     699 |     765 |  52.3 |      72 |      10 |  12.2
            +---------+---------+-------+---------+---------+-------
        D:1 |      45 |       0 |   0.0 |      27 |       0 |   0.0
        D:2 |      30 |      55 |  64.7 |      11 |       5 |  31.2
        D:3 |      39 |     350 |  90.0 |      14 |       3 |  17.6
        D:4 |     338 |     203 |  37.5 |      13 |       1 |   7.1
        D:5 |     247 |     157 |  38.9 |       7 |       1 |  12.5
            +---------+---------+-------+---------+---------+-------
